 Dungeon Crawl Stone Soup version 0.29.1-13-g9f3cf754e1 (webtiles) character file.

Game seed: 9434520257668393381

336 Thatpatchoflichen the Trooper (level 6, -18/67 HPs)
             Began as an Ogre Fighter on Jan 29, 2023.
             Demolished by an orc warrior
             ... wielding a +0 glaive
              (23 damage)
             ... on level 4 of the Dungeon.
             The game lasted 00:10:36 (4844 turns).

Thatpatchoflichen the Trooper (Ogre Fighter)        Turns: 4844, Time: 00:10:37

Health: -18/67     AC:  4    Str: 27    XL:     6   Next: 54%
Magic:  0/6        EV:  9    Int:  9    God:
Gold:   287        SH:  8    Dex: 10    Spells: 5/5 levels left

rFire   . . .      SeeInvis .   t - +0 scimitar
rCold   . . .      Faith    .   c - +0 kite shield
rNeg    . . .      Spirit   +   b - +0 robe
rPois   +          Reflect  .   (helmet restricted)
rElec   .          Harm     .   i - +0 cloak
rCorr   .          Rampage  .   (gloves unavailable)
Will    .....                   (boots unavailable)
Stlth   +.........              a - amulet of guardian spirit
HPRegen 0.21/turn               n - +6 ring of strength
MPRegen 0.10/turn               s - ring of poison resistance

@: no status effects
A: large, unfitting armour, tough skin 1
a: no special abilities


You were on level 4 of the Dungeon.
You visited 1 branch of the dungeon, and saw 4 of its levels.

You collected 287 gold pieces.

Inventory:

Hand Weapons
 t - a +0 scimitar (weapon)
Missiles
 e - 12 poisoned darts (quivered)
 y - a throwing net
Armour
 b - a +0 robe (worn)
 c - a +0 kite shield (worn)
 i - a +0 cloak (worn)
Jewellery
 a - an amulet of guardian spirit (around neck)
 m - an amulet of magic regeneration
 n - a +6 ring of strength (left hand)
 s - a ring of poison resistance (right hand)
 u - an amulet of reflection
Scrolls
 f - a scroll of amnesia {unknown}
 g - 2 scrolls of immolation {unknown}
 h - 3 scrolls of teleportation {unknown}
 j - 2 scrolls of poison {unknown}
 k - 4 scrolls of identify {unknown}
 o - a scroll of fog {unknown}
Potions
 d - a potion of might
 l - 2 potions of ambrosia {unknown}
 p - 2 potions of invisibility {unknown}
 q - a potion of magic {unknown}
 r - a potion of haste {unknown}
 v - a potion of brilliance {unknown}
 x - a potion of degeneration {unknown}
 z - a potion of curing {unknown}
 A - 2 potions of flight {unknown}


   Skills:
 + Level 5.7 Fighting
 + Level 3.4 Long Blades
 + Level 3.9 Dodging
 + Level 4.3 Shields


You had 5 spell levels left.
You didn't know any spells.
Your spell library contained the following spells:

 Spells                   Type           Power      Damage    Failure   Level
 Gell's Gravitas          Tloc           0%         N/A       95%         3
 Lesser Beckoning         Tloc           0%         N/A       95%         3
 Portal Projectile        Hex/Tloc       0%         N/A       95%         3
 Teleport Other           Tloc           0%         N/A       95%         3
 Tukima's Dance           Hex            0%         N/A       95%         3
 Blade Hands              Tmut           0%         N/A       100%        5


Dungeon Overview and Level Annotations

Branches:
Dungeon (4/15)             Temple (0/1) D:4

Altars:
Ashenzari
The Shining One

Shops:
D:1 ?


Innate Abilities, Weirdness & Mutations

You are too large for most types of armour.
You have tough skin. (AC +1)


Message History

Found 4 gold pieces.
There is an open door here.
You now have 287 gold pieces (gained 4).
Found 15 gold pieces.
The orc warrior hits you from afar with a +0 glaive!!
The orc shouts!
The orc warrior hits you with a +0 glaive!!
You closely miss the orc warrior.
The orc warrior hits you with a +0 glaive!
The orc warrior hits you with a +0 glaive.
* * * LOW HITPOINT WARNING * * *
You barely miss the orc warrior. You block the orc warrior's attack.
You hit the orc warrior but do no damage.
You block the orc warrior's attack. The orc warrior barely misses you.
You hit the orc warrior but do no damage.
The orc warrior barely misses you.
You hit the orc warrior but do no damage.
The orc warrior hits you with a +0 glaive!
* * * LOW HITPOINT WARNING * * *
You hit the orc warrior but do no damage.
You block the orc warrior's attack. The orc warrior barely misses you.
It was a potion of heal wounds.
You feel much better.
The orc warrior hits you with a +0 glaive!
You barely miss the orc warrior.
The orc warrior hits you with a +0 glaive!!
* * * LOW HITPOINT WARNING * * *
You feel much better. You block the orc warrior's attack.
The orc warrior hits you from afar with a +0 glaive!
* * * LOW HITPOINT WARNING * * *
The goblin shouts!
The goblin hits you but does no damage.
You closely miss the goblin. You block the goblin's attack.
The orc warrior closely misses you. The goblin hits you but does no damage.
The orc warrior hits you from afar with a +0 glaive!
* * * LOW HITPOINT WARNING * * *
You barely miss the goblin. You block the goblin's attack.
The orc warrior barely misses you.
You closely miss the goblin. The goblin closely misses you.
The orc warrior hits you from afar with a +0 glaive!!
You die...

# ##.......## ###.#.####
#.##.........###.....####
...'.........'...#.......
.##.........###....#####
##..†....## ##..##
##)....## #.## ##...##
#.# ##g## #.# #@# #.# .#
#.# #.# ...####o######
#.# .......oo....##
...##..........
##...#...## ##.###### #.#
#.#


You could see an orc warrior, 2 orcs and a goblin.

Vanquished Creatures
  An ogre (D:4)
  A scorpion (D:3)
  An orc wizard (D:3)
  Natasha (thrice) (D:3)
  3 adders
  A worm (D:2)
  A dart slug (D:2)
  5 orcs (D:4)
  5 bats
  7 endoplasms
  2 giant cockroaches
  9 goblins
  7 hobgoblins
  3 jackals (D:3)
  3 quokkas
  5 ball pythons
  2 frilled lizards
  A kobold (D:1)
  2 rats
62 creatures vanquished.

Vanquished Creatures (others)
  A fungus (D:3)
  4 toadstools (D:3)
5 creatures vanquished.

Grand Total: 67 creatures vanquished

Notes
Turn   | Place    | Note
-------+----------+-------------------------------------------
     0 | D:1      | Thatpatchoflichen the Ogre Fighter began the quest for the
                  | Orb.
     0 | D:1      | Reached XP level 1. HP: 24/24 MP: 1/1
   461 | D:1      | Reached XP level 2. HP: 32/32 MP: 2/2
   508 | D:1      | Found Rophemin's Magic Scroll Shoppe.
   569 | D:1      | Found a faded altar of an unknown god.
   769 | D:2      | Reached XP level 3. HP: 18/40 MP: 3/3
  1510 | D:2      | Found a broken altar of Ashenzari.
  2094 | D:2      | Reached XP level 4. HP: 46/49 MP: 4/4
  2656 | D:3      | Found a glowing golden altar of the Shining One.
  2854 | D:3      | Noticed Natasha
  2864 | D:3      | Killed Natasha
  3314 | D:3      | Noticed Natasha
  3324 | D:3      | Killed Natasha
  3325 | D:3      | Reached XP level 5. HP: 25/55 MP: 3/5
  3429 | D:3      | Noticed Natasha
  3441 | D:3      | Killed Natasha
  3442 | D:3      | Reached skill level 5 in Fighting
  4315 | D:4      | Noticed an ogre
  4321 | D:4      | Killed an ogre
  4322 | D:4      | Reached XP level 6. HP: 50/66 MP: 4/6
  4486 | D:4      | Found a staircase to the Ecumenical Temple.
  4492 | D:4      | Noticed an orc warrior
  4844 | D:4      | Demolished by an orc warrior

Illustrated notes

Levels and vault maps discovered:
D:1:      dpeg_arrival_tiny_d, layout_rooms, serial_shops, shop,
          hellmonk_ecumenical_altar_crossroads
D:2:      minmay_general_purpose_star, layout_loops_corners, basic_altar
D:3:      layout_rooms, tso_altar, corner_web_ring, grunt_ministairs_11,
          minmay_gold_behind_fungi, amcnicky_mini_pool_small, uniq_natasha
D:4:      layout_loops_corners, minmay_temple_entry_mini_moons

Skill      XL: |  1  2  3  4  5 |
---------------+----------------+-----
Long Blades    | 2 3 |  3.4
Dodging        | 3 |  3.9
Fighting       | 5 |  5.7
Shields        | 4 |  4.3

Action                   |  1- 3 |  4- 6 || total
-------------------------+-------+-------++-------
Melee: Long sword        |   102 |    13 ||   115
       Scimitar          |       |   138 ||   138
  Use: Potion            |       |     2 ||     2
 Stab: Sleeping          |       |     1 ||     1
Armor: Robe              |    41 |    57 ||    98
Dodge: Dodged            |    45 |    86 ||   131
Block: Kite shield       |    37 |    71 ||   108
